APP
OGDEN RAPTORS @ MISSOULA OSPREY
07/14/2044
 
TOP OF THE 1ST
Ogden Raptors batting - Pitching for Missoula Osprey : RHP Alex Andrade
Pitching: RHP Alex Andrade
Batting: SHB Darius Vinson 0-0: Swinging Strike
0-1: Ground out 1-3 (Groundball, P, EV 70.0 MPH)
Batting: LHB Santiago Chavira 0-0: Ball
1-0: Ground out 4-3 (Groundball, 4, EV 105.0 MPH)
Batting: LHB Mike Dickinson 0-0: Called Strike
0-1: Ball
1-1: SINGLE (Groundball, 4M, EV 95.0 MPH)
Batting: RHB Gary Ming 0-0: Ball
1-0: DOUBLE (Line Drive, 9LS, EV 107.5 MPH)
Mike Dickinson to third
Batting: LHB Stephen Van Raalte 0-0: Ball
1-0: Called Strike
1-1: Ball
2-1: Foul Ball, location: 2F
2-2: Ball
3-2: Strikes out swinging
Top of the 1st over - 0 runs, 2 hits, 0 errors, 2 left on base; Ogden 0 - Missoula 0
BOTTOM OF THE 1ST
Missoula Osprey batting - Pitching for Ogden Raptors : RHP Ian Wilson
Pitching: RHP Ian Wilson
Batting: SHB Roger Holmes 0-0: Ball
1-0: Ball
2-0: Foul Ball, location: 2F
2-1: Ground out U3 (Groundball, 3S, EV 69.4 MPH)
Batting: RHB Ernesto Zamora 0-0: Ball
1-0: Ball
2-0: Foul Ball, location: 2F
2-1: SINGLE (Groundball, 4MD, EV 101.9 MPH)
Batting: SHB Evan Armagost 0-0: Foul Ball, location: 2F
0-1: Ball
1-1: Ball
2-1: Ball
3-1: Base on Balls
Ernesto Zamora to second
Batting: SHB Blaine Peters 0-0: DOUBLE (Groundball, 3L, EV 109.4 MPH)
Ernesto Zamora scores
Evan Armagost to third
Runner from 3rd tries for Home, SAFE, throw by RF to trailing runner, SAFE at third!
Batting: LHB Enrique Ponce 0-0: Ball
Wild Pitch!
Blaine Peters scores
1-0: Ball
2-0: Swinging Strike
2-1: Ball
3-1: Base on Balls
Pitching: RHP Cory Fischer
Batting: RHB Antonio Luisa 0-0: Fly out, F8 (Flyball, 8RD, EV 76.9 MPH)
Batting: LHB Dillon Rizzuto 0-0: 2-RUN HOME RUN (Flyball, 9D, EV 91.9 MPH), Distance : 356 ft
Batting: SHB Lee Dillon 0-0: Ball
1-0: Ball
2-0: Reached on error, E6 (Groundball, 6, EV 95.6 MPH)
Batting: LHB Jeff Harmon 0-0: Ball
1-0: Ball
2-0: Ball
3-0: Called Strike
3-1: Foul Ball, location: 2F
3-2: SINGLE (Flyball, 78S, EV 96.9 MPH)
Lee Dillon to third
Runner from 3rd tries for Home, SAFE, throw by CF to home
Batting: SHB Roger Holmes 0-0: Ball
1-0: Ball
2-0: Called Strike
2-1: Ball
3-1: Base on Balls
Jeff Harmon to second
Batting: RHB Ernesto Zamora 0-0: Foul Ball, location: 2F
0-1: Ball
1-1: Foul Ball, location: 2F
1-2: 3-RUN HOME RUN (Flyball, 7D, EV 93.1 MPH), Distance : 348 ft
Pitching: RHP Victor Delgado
Batting: SHB Evan Armagost 0-0: Ball
1-0: Foul Ball, location: 2F
1-1: Ball
2-1: Ball
3-1: Swinging Strike
3-2: Base on Balls
Batting: SHB Blaine Peters 0-0: Called Strike
0-1: Ball
1-1: Foul Ball, location: 2F
1-2: SINGLE (Groundball, 4MD, EV 95.6 MPH)
Evan Armagost to second
Batting: LHB Enrique Ponce 0-0: Ball
1-0: Ball
2-0: Ball
3-0: Called Strike
3-1: Base on Balls
Evan Armagost to third
Blaine Peters to second
Batting: RHB Antonio Luisa 0-0: Ball
1-0: SINGLE (Groundball, 6MD, EV 97.5 MPH)
Evan Armagost scores
Blaine Peters to third
Enrique Ponce to second
Runner from 3rd tries for Home, throw by CF and OUT! 8-2
Bottom of the 1st over - 10 runs, 7 hits, 1 error, 2 left on base; Ogden 0 - Missoula 10
TOP OF THE 2ND
Ogden Raptors batting - Pitching for Missoula Osprey : RHP Alex Andrade
Batting: RHB Kevin Ezell 0-0: Called Strike
0-1: Foul Ball, location: 2F
0-2: Foul Ball, location: 2F
0-2: Ball
1-2: Strikes out swinging
Batting: RHB Charles Blatchford 0-0: Ball
1-0: Ball
2-0: Ball
3-0: Called Strike
3-1: Called Strike
3-2: SOLO HOME RUN (Flyball, 7LD, EV 88.1 MPH), Distance : 331 ft
Batting: RHB Junro Kato 0-0: Called Strike
0-1: Foul Ball, location: 2F
0-2: Ground out 4-3 (Groundball, 34, EV 96.9 MPH)
Batting: SHB Josh Vaill 0-0: Ball
1-0: Ball
2-0: Ball
3-0: Called Strike
3-1: Ground out 4-3 (Groundball, 4, EV 96.9 MPH)
Top of the 2nd over - 1 run, 1 hit, 0 errors, 0 left on base; Ogden 1 - Missoula 10
BOTTOM OF THE 2ND
Missoula Osprey batting - Pitching for Ogden Raptors : RHP Victor Delgado
Batting: LHB Dillon Rizzuto 0-0: Called Strike
0-1: Ball
1-1: SOLO HOME RUN (Flyball, 9LD, EV 93.8 MPH), Distance : 342 ft
Pitching: RHP Charles Durand
Batting: SHB Lee Dillon 0-0: Called Strike
0-1: Ball
1-1: Swinging Strike
1-2: SINGLE (Groundball, 4MD, EV 96.9 MPH)
Batting: LHB Jeff Harmon 0-0: Ball
1-0: Called Strike
1-1: Foul Ball, location: 2F
1-2: 2-RUN HOME RUN (Flyball, 9D, EV 90.0 MPH), Distance : 340 ft
Batting: SHB Roger Holmes 0-0: Ball
1-0: SINGLE (Line Drive, 4D, EV 102.5 MPH)
Batting: RHB Ernesto Zamora 0-0: Ball
1-0: Ball
2-0: Ball
3-0: Called Strike
3-1: Foul Ball, location: 2F
3-2: Foul Ball, location: 2F
3-2: Ground out 5-3 (Groundball, 5S, EV 71.3 MPH)
Roger Holmes to second
Batting: SHB Evan Armagost 0-0: Ball
1-0: Called Strike
1-1: Ball
2-1: Foul Ball, location: 2F
2-2: Ball
3-2: Base on Balls
Pitching: RHP Ramon Luna
Batting: SHB Blaine Peters 0-0: Called Strike
0-1: SINGLE (Line Drive, 6D, EV 109.4 MPH)
Roger Holmes to third
Evan Armagost to second
Batting: LHB Enrique Ponce 0-0: Ball
1-0: Ball
2-0: Ball
3-0: Base on Balls
Roger Holmes scores
Evan Armagost to third
Blaine Peters to second
Batting: RHB Antonio Luisa 0-0: Fielders Choice at 2nd, 6-4 (Groundball, 6, EV 88.8 MPH)
Evan Armagost scores
Blaine Peters to third
Batting: LHB Dillon Rizzuto 0-0: Ball
1-0: Foul Ball, location: 2F
1-1: Foul Ball, location: 2F
1-2: Foul Ball, location: 2F
1-2: Strikes out looking
Bottom of the 2nd over - 5 runs, 5 hits, 0 errors, 2 left on base; Ogden 1 - Missoula 15
TOP OF THE 3RD
Ogden Raptors batting - Pitching for Missoula Osprey : RHP Alex Andrade
Batting: SHB Darius Vinson 0-0: Called Strike
0-1: Fly out, F7 (Line Drive, 7D, EV 90.6 MPH)
Batting: LHB Santiago Chavira 0-0: Ball
1-0: SINGLE (Groundball, 25, EV 75.0 MPH) (infield hit)
Batting: LHB Mike Dickinson 0-0: Called Strike
0-1: 2-RUN HOME RUN (Flyball, 9LD, EV 90.6 MPH), Distance : 349 ft
Batting: RHB Gary Ming 0-0: Ball
1-0: Swinging Strike
1-1: Ball
2-1: Ground out 6-3 (Groundball, P, EV 84.4 MPH)
Batting: LHB Stephen Van Raalte 0-0: Ball
1-0: Fly out, F5 (Flyball, 5D, EV 94.4 MPH)
Top of the 3rd over - 2 runs, 2 hits, 0 errors, 0 left on base; Ogden 3 - Missoula 15
BOTTOM OF THE 3RD
Missoula Osprey batting - Pitching for Ogden Raptors : RHP Ramon Luna
Batting: SHB Lee Dillon 0-0: Ball
1-0: Ball
2-0: Ball
3-0: Base on Balls
Batting: LHB Jeff Harmon 0-0: Ball
1-0: Ball
2-0: Ball
3-0: Called Strike
3-1: Base on Balls
Lee Dillon to second
Pitching: RHP Justin Donovan
Batting: SHB Roger Holmes 0-0: Called Strike
0-1: Ball
1-1: Ball
2-1: Foul Ball, location: 2F
2-2: Foul Ball, location: 2F
2-2: Ball
3-2: Fielders Choice at 2nd, 3-6 (Groundball, 34, EV 82.5 MPH)
Lee Dillon to third
Batting: RHB Ernesto Zamora 0-0: Ball
1-0: Ball
2-0: 3-RUN HOME RUN (Flyball, 7LD, EV 95.0 MPH), Distance : 335 ft
Batting: SHB Evan Armagost 0-0: Foul Ball, location: 2F
0-1: Ball
1-1: Called Strike
1-2: Strikes out swinging
Batting: SHB Blaine Peters 0-0: Called Strike
0-1: Ball
1-1: Foul Ball, location: 2F
1-2: DOUBLE (Line Drive, 3D, EV 95.0 MPH)
Pitching: RHP Matt Alderson
Batting: LHB Enrique Ponce 0-0: Ball
1-0: Foul Ball, location: 2F
1-1: Swinging Strike
1-2: Ball
2-2: Ball
3-2: Ground out 4-3 (Groundball, 4, EV 78.8 MPH)
Bottom of the 3rd over - 3 runs, 2 hits, 0 errors, 1 left on base; Ogden 3 - Missoula 18
TOP OF THE 4TH
Ogden Raptors batting - Pitching for Missoula Osprey : RHP Alex Andrade
Batting: RHB Kevin Ezell 0-0: Foul Ball, location: 2F
0-1: Ball
1-1: Called Strike
1-2: Fly out, F7 (Flyball, 7, EV 83.1 MPH)
Batting: RHB Charles Blatchford 0-0: Ball
1-0: Called Strike
1-1: Foul Ball, location: 2F
1-2: Ball
2-2: Ball
3-2: Ground out 1-3 (Groundball, 25, EV 68.1 MPH)
Batting: RHB Junro Kato 0-0: Foul Ball, location: 2F
0-1: Foul Ball, location: 2F
0-2: SINGLE (Groundball, 4MD, EV 106.9 MPH)
Batting: SHB Josh Vaill 0-0: Swinging Strike
0-1: Ball
1-1: Ball
2-1: Foul Ball, location: 2F
2-2: Ball
3-2: Base on Balls
Junro Kato to second
Batting: SHB Darius Vinson 0-0: Ball
1-0: Swinging Strike
1-1: Ball
2-1: Ground out U3 (Groundball, 3S, EV 69.4 MPH)
Top of the 4th over - 0 runs, 1 hit, 0 errors, 2 left on base; Ogden 3 - Missoula 18
BOTTOM OF THE 4TH
Missoula Osprey batting - Pitching for Ogden Raptors : RHP Matt Alderson
Batting: RHB Antonio Luisa 0-0: Called Strike
0-1: DOUBLE (Line Drive, 78D, EV 110.6 MPH)
Batting: LHB Dillon Rizzuto 0-0: Ball
1-0: Called Strike
1-1: Ball
2-1: Ball
3-1: SINGLE (Groundball, 34D, EV 98.1 MPH)
Antonio Luisa to third
Runner from 3rd tries for Home, SAFE, throw by RF to home
Dillon Rizzuto to second
Batting: SHB Lee Dillon 0-0: Ball
1-0: Ball
2-0: Ball
3-0: Base on Balls
Batting: LHB Jeff Harmon 0-0: Called Strike
0-1: Ball
1-1: Swinging Strike
1-2: Ball
2-2: Strikes out swinging
Pitching: LHP Tore Bosch
Batting: SHB Roger Holmes 0-0: Ball
1-0: DOUBLE (Groundball, 5L, EV 103.8 MPH)
Dillon Rizzuto scores
Lee Dillon to third
Runner from 3rd tries for Home, SAFE, no throw by LF
Batting: RHB Ernesto Zamora 0-0: Fly out, F8 (Line Drive, 8RD, EV 105.0 MPH)
Batting: SHB Evan Armagost 0-0: Ball
1-0: Ball
2-0: Ball
3-0: Base on Balls
Batting: SHB Blaine Peters 0-0: Ball
1-0: Ball
2-0: Foul Ball, location: 2F
2-1: Foul Ball, location: 2F
2-2: Foul Ball, location: 2F
2-2: Ball
3-2: Strikes out looking
Bottom of the 4th over - 3 runs, 3 hits, 0 errors, 2 left on base; Ogden 3 - Missoula 21
TOP OF THE 5TH
Ogden Raptors batting - Pitching for Missoula Osprey : RHP Alex Andrade
Batting: LHB Santiago Chavira 0-0: Reached on error, E2 (Groundball, 2L, EV 71.3 MPH)
Batting: LHB Mike Dickinson 0-0: Ball
1-0: Ball
Wild Pitch!
Santiago Chavira to third
2-0: Called Strike
2-1: Foul Ball, location: 2F
2-2: Foul Ball, location: 2F
2-2: SINGLE (Line Drive, 7S, EV 92.5 MPH)
Santiago Chavira scores
Batting: RHB Gary Ming 0-0: Ball
1-0: Called Strike
1-1: Ball
2-1: Called Strike
2-2: Ball
3-2: Base on Balls
Mike Dickinson to second
Batting: LHB Stephen Van Raalte 0-0: SINGLE (Groundball, 34D, EV 110.6 MPH)
Mike Dickinson to third
Gary Ming to second
Batting: RHB Kevin Ezell 0-0: SINGLE (Line Drive, 7S, EV 88.8 MPH)
Mike Dickinson scores
Gary Ming to third
Stephen Van Raalte to second
Batting: RHB Charles Blatchford 0-0: Called Strike
0-1: Grounds into double play, 5-4-3 (Groundball, 56, EV 80.6 MPH)
Gary Ming scores
Stephen Van Raalte to third
Batting: RHB Junro Kato 0-0: Ball
1-0: Called Strike
1-1: Ball
2-1: Foul Ball, location: 2F
2-2: Ball
3-2: Base on Balls
Pitching: RHP Rick Foster
Batting: SHB Josh Vaill 0-0: Swinging Strike
0-1: Ball
1-1: Swinging Strike
1-2: Strikes out swinging
Top of the 5th over - 3 runs, 3 hits, 1 error, 2 left on base; Ogden 6 - Missoula 21
BOTTOM OF THE 5TH
Missoula Osprey batting - Pitching for Ogden Raptors : LHP Tore Bosch
Batting: LHB Enrique Ponce 0-0: Foul Ball, location: 2F
0-1: Swinging Strike
0-2: Ball
1-2: Foul Ball, location: 2F
1-2: SINGLE (Flyball, 56D, EV 94.4 MPH)
Pitching: RHP Luis Hinostroza
Batting: RHB Antonio Luisa 0-0: Ball
Pickoff Throw by Catcher to First - Out!
1-0: Ball
2-0: Called Strike
2-1: Ball
3-1: Called Strike
3-2: Base on Balls
Batting: LHB Dillon Rizzuto 0-0: Swinging Strike
0-1: Ball
1-1: Foul Ball, location: 2F
1-2: Ball
2-2: Strikes out swinging
Batting: SHB Lee Dillon 0-0: Called Strike
0-1: Ball
1-1: Ball
Wild Pitch!
Antonio Luisa to second
2-1: Ball
3-1: Base on Balls
Batting: LHB Jeff Harmon 0-0: Called Strike
0-1: Ball
1-1: Foul Ball, location: 2F
1-2: Foul Ball, location: 2F
1-2: Ball
2-2: Ball
3-2: Base on Balls
Antonio Luisa to third
Lee Dillon to second
Pitching: LHP Mitchell Casey
Batting: SHB Roger Holmes 0-0: Ground out 3-1 (Groundball, 13, EV 83.8 MPH)
Bottom of the 5th over - 0 runs, 1 hit, 0 errors, 3 left on base; Ogden 6 - Missoula 21
TOP OF THE 6TH
Ogden Raptors batting - Pitching for Missoula Osprey : RHP Rick Foster
Batting: SHB Darius Vinson 0-0: Ball
1-0: Ball
2-0: Called Strike
2-1: Foul Ball, location: 2F
2-2: Ball
3-2: Foul Ball, location: 2F
3-2: Foul Ball, location: 2F
3-2: Base on Balls
Batting: LHB Santiago Chavira 0-0: Called Strike
0-1: Ball
1-1: Foul Ball, location: 2F
1-2: Ball
2-2: Strikes out swinging
Batting: LHB Mike Dickinson 0-0: Ball
Darius Vinson steals 2nd base
1-0: Reached on error, E7 (Flyball, 7, EV 86.9 MPH)
Darius Vinson to third
Pitching: LHP Heath Henderson
Batting: RHB Gary Ming 0-0: Called Strike
0-1: Fielders Choice at 2nd, 6-4 (Groundball, 6, EV 85.6 MPH)
Darius Vinson scores
Batting: LHB Stephen Van Raalte 0-0: Ball
1-0: SINGLE (Groundball, 34D, EV 105.0 MPH)
Gary Ming to second
Batting: RHB Kevin Ezell 0-0: Called Strike
0-1: Ball
1-1: Foul Ball, location: 2F
1-2: Strikes out swinging
Top of the 6th over - 1 run, 1 hit, 1 error, 2 left on base; Ogden 7 - Missoula 21
BOTTOM OF THE 6TH
Missoula Osprey batting - Pitching for Ogden Raptors : LHP Mitchell Casey
Batting: RHB Ernesto Zamora 0-0: Called Strike
0-1: Foul Ball, location: 2F
0-2: Ground out 3-1 (Groundball, 34, EV 88.1 MPH)
Batting: SHB Evan Armagost 0-0: Ball
1-0: Ball
2-0: Called Strike
2-1: Ball
3-1: Base on Balls
Batting: SHB Blaine Peters 0-0: Foul Ball, location: 2F
0-1: Fielders Choice at 2nd, 5-4 (Groundball, 56, EV 103.1 MPH)
Batting: LHB Enrique Ponce 0-0: Called Strike
0-1: Ball
1-1: 2-RUN HOME RUN (Flyball, 9D, EV 98.1 MPH), Distance : 365 ft
Batting: RHB Antonio Luisa 0-0: Ground out 6-3 (Groundball, 6, EV 92.5 MPH)
Bottom of the 6th over - 2 runs, 1 hit, 0 errors, 0 left on base; Ogden 7 - Missoula 23
TOP OF THE 7TH
Ogden Raptors batting - Pitching for Missoula Osprey : LHP Heath Henderson
Batting: RHB Charles Blatchford 0-0: Called Strike
0-1: Called Strike
0-2: Ground out 5-3 (Groundball, 5S, EV 87.5 MPH)
Batting: RHB Junro Kato 0-0: Ball
1-0: SINGLE (Groundball, 6MD, EV 100.0 MPH)
Batting: SHB Josh Vaill 0-0: Called Strike
0-1: Foul Ball, location: 2F
0-2: Strikes out swinging
Batting: SHB Darius Vinson 0-0: Called Strike
0-1: Ball
1-1: Ball
2-1: SINGLE (Line Drive, 6D, EV 102.5 MPH)
Junro Kato to second
Pitching: RHP Alan Muth
Batting: LHB Santiago Chavira 0-0: Swinging Strike
0-1: Ball
1-1: Ball
2-1: Swinging Strike
2-2: Ball
3-2: Foul Ball, location: 2F
3-2: Strikes out swinging
Top of the 7th over - 0 runs, 2 hits, 0 errors, 2 left on base; Ogden 7 - Missoula 23
BOTTOM OF THE 7TH
Missoula Osprey batting - Pitching for Ogden Raptors : LHP Mitchell Casey
Batting: LHB Dillon Rizzuto 0-0: Ball
1-0: Ball
2-0: Ball
3-0: Called Strike
3-1: Swinging Strike
3-2: Foul Ball, location: 2F
3-2: Foul Ball, location: 2F
3-2: Base on Balls
Batting: SHB Lee Dillon 0-0: Ball
Balk!
Dillon Rizzuto to second
1-0: Foul Ball, location: 2F
1-1: Ball
2-1: Ground out 5-3 (Groundball, 56, EV 82.5 MPH)
Batting: LHB Jeff Harmon 0-0: Called Strike
0-1: Called Strike
0-2: Ball
1-2: 2-RUN HOME RUN (Flyball, 7D, EV 98.1 MPH), Distance : 353 ft
Pinch Hitting: RHB Sergio Manzanero 0-0: Foul Ball, location: 2F
0-1: Swinging Strike
0-2: Ball
1-2: Strikes out swinging
Batting: RHB Ernesto Zamora 0-0: Ball
1-0: Ball
2-0: Ball
3-0: Base on Balls
Batting: SHB Evan Armagost 0-0: Ball
1-0: Foul Ball, location: 2F
1-1: Swinging Strike
1-2: Foul Ball, location: 2F
1-2: Ball
2-2: Ground out 3-1 (Groundball, 34, EV 84.4 MPH)
Bottom of the 7th over - 2 runs, 1 hit, 0 errors, 1 left on base; Ogden 7 - Missoula 25
TOP OF THE 8TH
Ogden Raptors batting - Pitching for Missoula Osprey : RHP Alan Muth
Now at 2B: Sergio Manzanero
Batting: LHB Mike Dickinson 0-0: Swinging Strike
0-1: Ball
1-1: Ball
2-1: Ball
3-1: Swinging Strike
3-2: Base on Balls
Batting: RHB Gary Ming 0-0: DOUBLE (Line Drive, 9LM, EV 100.0 MPH)
Mike Dickinson to third
Batting: LHB Stephen Van Raalte 0-0: Foul Ball, location: 2F
0-1: Ball
1-1: Ball
2-1: Foul Ball, location: 2F
2-2: Strikes out swinging
Pitching: RHP John Petersen
Batting: RHB Kevin Ezell 0-0: Called Strike
0-1: Ball
1-1: Ball
2-1: Foul Ball, location: 2F
2-2: Foul Ball, location: 2F
2-2: Strikes out swinging
Batting: RHB Charles Blatchford 0-0: Ball
1-0: Ball
2-0: SINGLE (Groundball, 56D, EV 101.3 MPH)
Mike Dickinson scores
Gary Ming to third
Runner from 3rd tries for Home, SAFE, throw by LF to home
Batting: RHB Junro Kato 0-0: SINGLE (Groundball, 56D, EV 95.0 MPH)
Charles Blatchford to second
Batting: SHB Josh Vaill 0-0: Called Strike
0-1: Foul Ball, location: 2F
0-2: Ball
1-2: Ball
2-2: Fly out, F5 (Popup, 56, EV 71.3 MPH)
Top of the 8th over - 2 runs, 3 hits, 0 errors, 2 left on base; Ogden 9 - Missoula 25
BOTTOM OF THE 8TH
Missoula Osprey batting - Pitching for Ogden Raptors : LHP Mitchell Casey
Batting: SHB Blaine Peters 0-0: Ball
1-0: Ball
2-0: Foul Ball, location: 2F
2-1: Foul Ball, location: 2F
2-2: Ball
3-2: Base on Balls
Batting: LHB Enrique Ponce 0-0: Ball
1-0: SINGLE (Groundball, 56D, EV 107.5 MPH)
Blaine Peters to second
Batting: RHB Antonio Luisa 0-0: Called Strike
0-1: Swinging Strike
0-2: Ball
Wild Pitch!
Blaine Peters to third
Enrique Ponce to second
1-2: Foul Ball, location: 2F
1-2: Ball
2-2: Foul Ball, location: 2F
2-2: Ball
3-2: DOUBLE (Line Drive, 7LM, EV 88.8 MPH)
Blaine Peters scores
Enrique Ponce scores
Batting: LHB Dillon Rizzuto 0-0: Ball
1-0: Ball
2-0: Ball
Passed Ball!
Antonio Luisa to third
3-0: Base on Balls
Batting: SHB Lee Dillon 0-0: Ball
1-0: Ball
Wild Pitch!
Antonio Luisa scores
Dillon Rizzuto to second
2-0: Swinging Strike
2-1: Ball
3-1: Base on Balls
Batting: LHB Jeff Harmon 0-0: Ball
1-0: Swinging Strike
1-1: Ball
2-1: Ball
3-1: Base on Balls
Dillon Rizzuto to third
Lee Dillon to second
Batting: RHB Sergio Manzanero 0-0: Grounds into double play, 5-4-3 (Groundball, 56, EV 101.3 MPH)
Dillon Rizzuto scores
Lee Dillon to third
Batting: RHB Ernesto Zamora 0-0: DOUBLE (Line Drive, 7LD, EV 99.4 MPH)
Lee Dillon scores
Batting: SHB Evan Armagost 0-0: Ball
Wild Pitch!
Ernesto Zamora to third
1-0: Swinging Strike
1-1: Fly out, F8 (Flyball, 78D, EV 106.3 MPH)
Bottom of the 8th over - 5 runs, 3 hits, 0 errors, 1 left on base; Ogden 9 - Missoula 30
TOP OF THE 9TH
Ogden Raptors batting - Pitching for Missoula Osprey : RHP John Petersen
Batting: SHB Darius Vinson 0-0: Ball
1-0: Ground out 4-3 (Groundball, 4, EV 80.0 MPH)
Batting: LHB Santiago Chavira 0-0: Ground out 4-3 (Groundball, 4MD, EV 103.1 MPH)
Pitching: RHP Tom Alatas
Batting: LHB Mike Dickinson 0-0: Ball
1-0: Foul Ball, location: 2F
1-1: Foul Ball, location: 2F
1-2: Ball
2-2: SINGLE (Groundball, 25, EV 76.3 MPH) (infield hit)
Batting: RHB Gary Ming 0-0: SINGLE (Line Drive, 56D, EV 96.3 MPH)
Mike Dickinson to second
Batting: LHB Stephen Van Raalte 0-0: Ball
1-0: Foul Ball, location: 2F
1-1: Ball
2-1: Fly out, F8 (Flyball, 8RD, EV 93.8 MPH)
Top of the 9th over - 0 runs, 2 hits, 0 errors, 2 left on base; Ogden 9 - Missoula 30
Thursday, March 31st , 2022 - OOTP Baseball 22.12 Build 89